AoeStats
← Linkg

Hideout

509207161Analyzed
1v1 RM · 6d ago on Sep 25, 2026· 46m 28s· 2 players
Game mode
Random Map
Map size
Tiny (2 player)
Population
200
Speed
Normal
Resources
Standard
Victory
Conquest
Starting age
Dark Age
Ending age
Imperial Age
RankedLock teamsTeams togetherTeam positionsShared explorationLock speedFull tech treeHidden civsTurbo modeCheats
Victory
Defeat
🇨🇷 Saracens · Costa Rica
1454
+15
🇲🇽 Varangians · Mexico
1437
-15
ZEK000
6:37 Loom
9:11 Feudal Age
9:18 Man-at-Arms
10:55 Double-Bit Axe
11:46 Town Watch
13:35 Arson
21:38 Castle Age
19:33 Horse Collar
21:01 Wheelbarrow
22:52 Bow Saw
32:53 Imperial Age
31:11 Fletching
31:22 Padded Archer Armor
32:33 Bodkin Arrow
33:07 Elite Skirmisher
36:58 Ballistics
38:19 Scale Barding Armor
38:41 Stone Mining
39:44 Bracer
43:46 Leather Archer Armor
45:06 Ring Archer Armor
Linkg
5:12 Loom
10:55 Feudal Age
13:32 Fletching
17:56 Horse Collar
21:04 Castle Age
20:10 Padded Archer Armor
20:25 Gold Mining
20:32 Stone Mining
20:29 Double-Bit Axe
21:43 Bodkin Arrow
27:16 Crossbowman
31:35 Scale Barding Armor
33:27 Forging
36:34 Imperial Age
34:23 Heavy Plow
35:26 Wheelbarrow
34:37 Town Watch
36:43 Ballistics
37:05 Leather Archer Armor
37:43 Bracer
37:37 Arbalester
40:29 Chemistry
41:12 Thumb Ring
45:59 Siege Engineers
46:36 Hand Cart
46:21 Town Patrol
47:25 Ring Archer Armor
Connection lost

Rejoining the realm…

Still unreachable

The connection could not be restored.

Session expired

The server has moved on; the page needs a fresh start.